 Dungeon Crawl Stone Soup version 0.23.2-33-g5129a83184 (webtiles) character file.

Game seed: 15386974588133071926

1162 Felnil the Blocker (level 8, -2/58 HPs)
             Began as a Mummy Fighter on Aug 9, 2019.
             Was an Initiate of Ashenzari.
             Killed by divine providence
             ... invoked by an orc priest
              (11 damage)
             ... on level 6 of the Dungeon.
             The game lasted 00:16:01 (5618 turns).

Felnil the Blocker (Mummy Fighter)                  Turns: 5618, Time: 00:16:02

Health: -2/58      AC:  9    Str: 21      XL:     8   Next: 17%
Magic:  8/8        EV:  8    Int:  7      God:    Ashenzari [......]
Gold:   277        SH: 15    Dex:  9 (12) Spells: 7/7 levels left

rFire    x . .     SeeInvis +   a - +0 rapier
rCold    + . .     Gourm    .   c - +0 shield
rNeg     + + +     Faith    .   p - +0 scale mail (curse)
rPois    ∞         Spirit   .   (no helmet)
rElec    .         Reflect  +   (no cloak)
rCorr    .         Harm     .   (no gloves)
MR       +....                  (no boots)
Stlth    ..........             k - +4 amulet of reflection (curse)
HPRegen  0.19/turn              m - ring of see invisible (curse)
MPRegen  0.11/turn              o - +3 ring of protection (curse)

@: no status effects
A: no food or potions, fire vulnerability, cold resistance 1, negative energy
resistance 3, torment resistance, unbreathing
a: Curse Item, Renounce Religion


You were on level 6 of the Dungeon.
You worshipped Ashenzari.
Ashenzari was noncommittal.
You were not hungry.

You visited 2 branches of the dungeon, and saw 7 of its levels.

You collected 277 gold pieces.

Inventory:

Hand Weapons
 a - a +0 rapier (weapon)
Armour
 c - a +0 shield (worn)
 p - a cursed +0 scale mail (worn)
Jewellery
 k - a cursed +4 amulet of reflection (around neck)
 m - a cursed ring of see invisible (left hand)
 o - a cursed +3 ring of protection (right hand)
Wands
 b - a wand of clouds (4)
 h - a wand of paralysis (7)
 l - a wand of random effects (15)
 q - a wand of scattershot (4)
 r - a wand of polymorph (8)
Scrolls
 d - a scroll of blinking {unknown}
 e - 7 scrolls of identify {unknown}
 f - 4 scrolls of remove curse
 g - 3 scrolls of fear {unknown}
 i - a scroll of teleportation {unknown}
 n - a scroll of magic mapping {unknown}
 s - a scroll of random uselessness {unknown}
 t - a scroll of amnesia {unknown}


   Skills:
 - Level 3.0 Fighting
 - Level 1.5 Short Blades
 - Level 2.4 Armour
 + Level 8.6 Shields


You had 7 spell levels left.
You didn't know any spells.
Your spell library was empty.

Dungeon Overview and Level Annotations

Branches:
Dungeon (6/15)             Temple (1/1) D:5

Altars:
Ashenzari
Cheibriados
Elyvilon
Fedhas
Gozag
Hepliaklqana
Makhleb
Qazlal
Ru
Sif Muna
Uskayaw
Vehumet
Wu Jian
Yredelemnul


Innate Abilities, Weirdness & Mutations

You do not eat or drink.
Your flesh is vulnerable to fire.
You are immune to poison.
Your flesh is cold resistant. (rC+)
You are immune to negative energy. (rN+++)
You are immune to unholy pain and torment.
You can survive without breathing.


Message History

Press: ? - help, Shift-Dir - straight line, f/p - orc warrior
Aim: an orc warrior, wielding a +0 broad axe and wearing a +0 chain mail (severely wounded)
The burst of metal fragments hits the orc warrior!
The burst of metal fragments hits the orc warrior.
The burst of metal fragments hits the orc!
You kill the orc!
The orc warrior is almost dead.
The orc warrior closely misses you.
Aiming: Scattershot
Press: ? - help, Shift-Dir - straight line, f/p - orc warrior
Aim: an orc warrior, wielding a +0 broad axe and wearing a +0 chain mail (almost dead)
The burst of metal fragments hits the orc warrior but does no damage. x2
The burst of metal fragments hits the orc warrior.
You kill the orc warrior!
You feel your dexterity returning.
You start resting.
An orc priest comes into view.
The orc priest calls down the wrath of Beogh upon you.
Beogh smites you!
You die...

######.........
#........####.##
#.#####..####...
#.......##
#........)
##..###.##.
###...# #
#######.o.).#
#.@..)).##.##
#.#######%.# #.
#..## #. #.# ##
... .### ..


o You could see an orc priest.

Vanquished Creatures
  An orc warrior (D:6)
  A phantom (D:5)
  3 sky beasts
  2 bullfrogs
  3 crimson imps
  A bullfrog zombie (D:5)
  A hound (D:4)
  A quasit (D:6)
  An orc priest (D:3)
  2 orc wizards (D:4)
  Ijyb (D:3)
  2 worker ants (D:5)
  An iguana (D:5)
  4 gnolls (D:5)
  5 adders
  An adder skeleton (D:4)
  5 worms
  A dart slug (D:4)
  4 leopard geckos
  12 orcs
  4 giant cockroaches
  10 goblins
  12 hobgoblins
  5 quokkas
  11 bats
  5 frilled lizards
  4 kobolds
  8 rats
  A bush (D:5)
112 creatures vanquished.

Notes
Turn   | Place    | Note
-------+----------+-------------------------------------------
     0 | D:1      | Felnil the Mummy Fighter began the quest for the Orb.
     0 | D:1      | Reached XP level 1. HP: 18/18 MP: 1/1
   253 | D:1      | Reached XP level 2. HP: 24/24 MP: 2/2
   257 | D:1      | Reached skill level 3 in Shields
   790 | D:2      | Found a hazy altar of Hepliaklqana.
   793 | D:2      | Reached XP level 3. HP: 29/29 MP: 3/3
  1069 | D:2      | Reached skill level 4 in Shields
  1155 | D:2      | Reached XP level 4. HP: 34/35 MP: 4/4
  1333 | D:2      | Found an opulent altar of Gozag.
  1490 | D:3      | HP: 1/35 [orc priest/+0 war axe (4)]
  1831 | D:3      | Found a white marble altar of Elyvilon.
  1831 | D:3      | Noticed a bullfrog
  1838 | D:3      | Killed a bullfrog
  1838 | D:3      | Reached skill level 5 in Shields
  1838 | D:3      | Reached XP level 5. HP: 30/41 MP: 5/5
  1996 | D:3      | Noticed Ijyb
  2015 | D:3      | Killed Ijyb
  2659 | D:4      | Reached XP level 6. HP: 23/47 MP: 6/6
  3207 | D:4      | Found a blossoming altar of Fedhas.
  3288 | D:4      | Reached skill level 6 in Shields
  3456 | D:5      | Entered Level 5 of the Dungeon
  4065 | D:5      | Reached XP level 7. HP: 37/52 MP: 7/7
  4292 | D:5      | Reached skill level 7 in Shields
  4296 | D:5      | Found a radiant altar of Vehumet.
  4357 | D:5      | Found a staircase to the Ecumenical Temple.
  4411 | Temple   | Entered the Ecumenical Temple
  4537 | Temple   | Became a worshipper of Ashenzari the Shackled
  5342 | D:6      | Reached skill level 8 in Shields
  5511 | D:6      | Reached XP level 8. HP: 29/58 MP: 8/8
  5618 | D:6      | Killed from afar by an orc priest

Skill      XL: |  1  2  3  4  5  6  7 |
---------------+----------------------+-----
Shields        | 3 4 5 6 8 |  8.6
Fighting       | |  3.0
Short Blades   | |  1.5
Armour         | |  2.4

Action                   |  1- 3 |  4- 6 |  7- 9 || total
-------------------------+-------+-------+-------++-------
Melee: Rapier            |   161 |   307 |   229 ||   697
Invok: Curse Item        |       |       |     2 ||     2
Evoke: Wand              |       |     1 |     4 ||     5
 Stab: Paralysed         |       |     6 |       ||     6
Armor: Scale mail        |    81 |    59 |   119 ||   259
Dodge: Dodged            |    60 |    51 |    73 ||   184
Block: Shield            |    96 |   209 |   183 ||   488
       Reflection        |       |     2 |       ||     2
